Unix NetHack Version 5.0.0-0 post-release - last build May 10 2026 23:12:36 (d1fa5d53e341ca933230fdaa984d921c805b60aa,branch:main).

Game began 2026-05-14 15:24:06, ended 2026-05-15 06:30:56.

1212459919, chaotic female human Priestess

     -------
     |\....|                               --------
     |.(%..|                               |.......#### ----+-------
     ---%---      ---------                ..Y@...|#####...........|
        %##       |.......|                - ------   # |..........|
        %         |.......|                           # |..........|
        #        #-.......|                           ##-..........|
        ##       #|.......|                             |..........|
         )   #####---------                             ...........|
         #   #                                          ------------
     ----%-- #
     |......###
     |...*.| #                    ----------+--.-
     |......######################..............|
     |...`.|                      |.............|
     -------                      |.............|
                                  |............(|
                                  ---------------

1212459919 the Adept         St:25 Dx:11 Co:15 In:11 Wi:18 Ch:9  Chaotic
Dlvl:10 $:92 HP:0(49) Pw:92(92) AC:6  Xp:6 T:1711 

Latest messages:
 Are you waiting to get hit?  Use 'm' prefix to force a no-op (to rest).
 Are you waiting to get hit?  Use 'm' prefix to force a no-op (to rest).
 You hit the hill orc!
 The hill orc thrusts her crude dagger.
 The hill orc hits!
 You hit the hill orc!
 The hill orc thrusts her crude dagger.
 The hill orc hits!
 You kill the hill orc!
 Welcome to experience level 6.
 You see here a cursed crude dagger.
 The hill orc is hit by a rock!
 The hill orc picks up a rock.
 Are you waiting to get hit?  Use 'm' prefix to force a no-op (to rest).
 Are you waiting to get hit?  Use 'm' prefix to force a no-op (to rest).
 Are you waiting to get hit?  Use 'm' prefix to force a no-op (to rest).
 You kill the hill orc!
 The hill orc wields a curved sword!
 The hill orc wields a cursed curved sword!
 The curved sword welds itself to the hill orc's hand!
 A - an iron skull cap.
 What do you want to read? [ghlosz or ?*] ?
 What do you want to read? [ghlosz or ?*] z
 As you read the scroll, it disappears.
 You materialize in a different location!
 You hit the leprechaun!
 The leprechaun wakes up!
 The leprechaun screams!
 You knock the leprechaun backward with a powerful blow!
 The leprechaun hits!
 Your purse feels lighter.
 The leprechaun vanishes!
 The killer bee misses!
 You miss the killer bee.
 The killer bee misses!
 The killer bee misses!
 You miss the killer bee.
 The killer bee stings!
 The killer bee stings!
 You kill the killer bee!
 You hit the owlbear!
 The owlbear hits!
 The owlbear hits again!
 The owlbear grabs you!
 You die...
 Do you want your possessions identified? [ynq] (y) y
 Do you want to see your attributes? [ynq] (y) y
 Do you want an account of creatures vanquished? [ynaq] (y) y
 Do you want to see your conduct and achievements? [ynq] (y) y
 Do you want to see the dungeon overview? [ynq] (y) y

Inventory:
 Coins    ('$')
  $ - 92 gold pieces
 Weapons  (')')
  r - 11 +0 arrows
  a - a blessed +2 mace (weapon in right hand)
 Armor    ('[')
  A - a +0 orcish helm
  j - a +0 pair of gauntlets of power (being worn)
  c - a +0 small shield (being worn)
  b - a +0 robe (being worn)
 Comestibles  ('%')
  e - a clove of garlic
  m - a cream pie
  k - 3 food rations
  q - a partly eaten food ration
  f - a sprig of wolfsbane
  w - 3 tripe rations
 Scrolls  ('?')
  s - a scroll of identify
 Spellbooks  ('+')
  o - a spellbook of charm monster
  g - a spellbook of detect monsters
  l - a spellbook of force bolt
  h - a spellbook of remove curse
 Potions  ('!')
  y - 2 potions of booze
  i - a potion of see invisible
  x - a potion of water
 Rings    ('=')
  t - a ring of searching (on right hand)
 Tools    ('(')
  n - an empty bag of holding

1212459919 the Priestess's attributes:

Background:
 You were an Adept, a level 6 human Priestess.
 You were chaotic, nominally on a mission for Huhetotl
 who was opposed by Quetzalcoatl (lawful) and Camaxtli (neutral).
 You were right-handed.
 You were in the Dungeons of Doom, on level 10.
 You entered the dungeon 1711 turns ago.
 You had 370 experience points, 270 more were needed to attain level 7.

Basics:
 You had 0 out of 49 hit points.
 You had all 92 energy points (spell power).
 Your armor class was 6.
 Your wallet contained 92 zorkmids.
 Autopickup was off.

Final Characteristics:
 Your strength was 25 (base:12, innate limit:18/100).
 Your dexterity was 11 (limit:18).
 Your constitution was 15 (limit:18).
 Your intelligence was 11 (limit:18).
 Your wisdom was 18 (limit:18).
 Your charisma was 9 (limit:18).

Final Status:
 You were held by an owlbear (west).
 You weren't hungry.
 You were unencumbered.
 You were wielding a mace.
 You had basic skill with mace.

Final Attributes:
 You were devoutly aligned.
 You had automatic searching.
 You were guarded.
 Your spell casting was enhanced by wearing a robe.
 You are dead.

Miscellaneous:
 You didn't encounter any bones levels.
 Total elapsed playing time was 1 hour, 44 minutes and 57 seconds.

Major events:
 Turn
    1: 1212459919 the chaotic human Priestess entered the dungeon
  947: attained the rank of Acolyte (level 3)
 1677: attained the rank of Adept (level 6)
 1711: killed by an owlbear

Spells:
 Name                 Level Category     Fail Retention
 detect monsters        1   divination     0%  76%-100%
 remove curse           3   clerical       0%  91%-100%
 charm monster          5   enchantment  100%  76%-100%

Skills:
 Fighting Skills
   bare handed combat [Unskilled]
 Weapon Skills
   club               [Unskilled]
   mace               [Basic]
   morning star       [Unskilled]
   flail              [Unskilled]
   hammer             [Unskilled]
   quarterstaff       [Unskilled]
   polearms           [Unskilled]
   spear              [Unskilled]
   trident            [Unskilled]
   lance              [Unskilled]
   bow                [Unskilled]
   sling              [Unskilled]
   crossbow           [Unskilled]
   dart               [Unskilled]
   shuriken           [Unskilled]
   boomerang          [Unskilled]
   unicorn horn       [Unskilled]
 Spellcasting Skills
   healing spells     [Unskilled]
   divination spells  [Unskilled]
   clerical spells    [Basic]

Voluntary challenges:
 Character rerolling was not enabled.
 You followed a strict vegan diet.
 You were an atheist.
 You never genocided any monsters.
 You never polymorphed an object.
 You never changed form.
 You used no wishes.
Achievements:
 You entered a shop.
 You attained the rank of Acolyte.
 You attained the rank of Adept.

 The Dungeons of Doom: levels 1 to 10
    Level 1:
       A grave.
    Level 2:
       A general store, some fountains.
    Level 3:
       A scroll shop.
    Level 4:
    Level 5:
       Many shops, some fountains.
    Level 6:
    Level 7:
       Some fountains.
    Level 8:
    Level 9:
    Level 10: <- You were here.
       A throne.
       Final resting place for
          you, killed by an owlbear.


Vanquished creatures:
  a dwarf ruler
  a bugbear
 an Uruk-hai
 an orc shaman
  6 giant ants
  a kobold shaman
  4 hill orcs
  a werejackal
  2 killer bees
  a hobgoblin
  a giant rat
  a gnome
  2 garter snakes
  a gecko
  a jackal
  a fox
  2 kobolds
  a goblin
  4 grid bugs
  2 lichens
  2 kobold zombies
  4 newts
41 creatures vanquished.

No species were genocided or became extinct.

Game over:
                       ----------
                      /          \
                     /    REST    \
                    /      IN      \
                   /     PEACE      \
                  /                  \
                  |    1212459919    |
                  |      92 Au       |
                  |   killed by an   |
                  |     owlbear      |
                  |                  |
                  |                  |
                  |       2026       |
                 *|     *  *  *      | *
        _________)/\\_//(\/(/\)/\//\/|_)_______

Goodbye 1212459919 the Priestess...

You died in The Dungeons of Doom on dungeon level 10 with 2033 points,
and 92 pieces of gold, after 1711 moves.
You were level 6 with a maximum of 49 hit points when you died.

